[Event "Titled Tuesday Blitz December 13 Early 2022"]
[White "Makhnev, Denis"]
[Black "Mikhailovsky, Vladimir"]
[WhiteFideId "13707647"]
[BlackFideId "34105414"]
[WhiteElo "2507"]
[BlackElo "2295"]
[Result "1-0"]
[Round "05"]
[TimeControl "180+1"]
[Date "2022.12.13"]
[WhiteClock "0:00:05"]
[BlackClock "0:00:03"]

1. d4 d6 2. Nf3 Nf6 3. g3 g6 4. Bg2 Bg7 5. c4 O-O 6. O-O Bf5 7. Nh4 Be4 8. Nc3 Bxg2 9. Nxg2 d5 10. cxd5 Nxd5 11. e4 Nxc3 12. bxc3 c5 13. Be3 Nc6 14. d5 Na5 15. Bxc5 Bxc3 16. Rc1 Bg7 17. Qa4 b6 18. Bb4 Nb7 19. Rc6 Re8 20. Rfc1 Nd6 21. Qc2 Nb5 22. Qd3 Nd4 23. R6c4 e5 24. Ne3 Qd7 25. Kg2 Rac8 26. Rxc8 Rxc8 27. Rxc8+ Qxc8 28. Qc4 Qd7 29. d6 Bf8 30. Nd5 Kg7 31. Bc3 Nc6 32. Nb4 Nxb4 33. Bxb4 h5 34. Qc7 Qg4 35. f3 Qe6 36. d7 Qxa2+ 37. Kh3 Qe6+ 38. Kg2 Qa2+ 39. Kf1 Qb1+ 40. Ke2 Qxb4 41. d8=Q Bc5 42. Qxe5+ 1-0


[Site "https://www.chess.com"]

[Event "Titled Tuesday Blitz December 13 Early 2022"]
[White "Maksimenko, Viktor"]
[Black "Begunov, Konstantin"]
[WhiteFideId "13710478"]
[BlackFideId "4118510"]
[WhiteElo "2277"]
[BlackElo "2141"]
[Result "1-0"]
[Round "05"]
[TimeControl "180+1"]
[Date "2022.12.14"]
[WhiteClock "0:02:18"]
[BlackClock "0:00:16"]

1. d4 d5 2. c4 c6 3. Nf3 Nf6 4. e3 a6 5. Nc3 Bg4 6. Qb3 b5 7. cxb5 Bxf3 8. bxc6 Be4 9. Qb7 Nxc6 10. Qxc6+ Nd7 11. Nxe4 dxe4 12. Qxe4 e6 13. Bd2 Rb8 14. Bc3 Bb4 15. Bd3 Bxc3+ 16. bxc3 Qa5 17. O-O Qxc3 18. Rfc1 Qa3 19. h3 Ke7 20. Qh4+ f6 21. Bf1 h6 22. Qg3 Kf7 23. Rc7 Rhd8 24. Rxd7+ Rxd7 25. Qxb8 1-0


[Site "https://www.chess.com"]

[Event "Titled Tuesday Blitz December 13 Early 2022"]
[White "Maksimovic, Bojan"]
[Black "Petrovic, Aleksa"]
[WhiteFideId "14408120"]
[BlackFideId "967629"]
[WhiteElo "2462"]
[BlackElo "2230"]
[Result "1/2-1/2"]
[Round "05"]
[TimeControl "180+1"]
[Date "2022.12.14"]
[WhiteClock "0:00:10"]
[BlackClock "0:00:06"]

1. Nf3 Nf6 2. b3 e6 3. Bb2 Be7 4. g3 b6 5. Bg2 Bb7 6. O-O O-O 7. c4 c5 8. Nc3 a6 9. d4 cxd4 10. Qxd4 d6 11. Rfd1 Nbd7 12. Rac1 Qb8 13. Qd2 Ra7 14. h3 Ba8 15. a3 Rc8 16. Nd4 Bxg2 17. Kxg2 Rac7 18. Nf3 h6 19. Qd3 Nc5 20. Qc2 Qb7 21. Kg1 b5 22. cxb5 Nce4 23. Qd3 Nc5 24. Qc2 Nce4 25. Qd3 Nc5 26. bxa6 Qxb3 27. Qb5 Rb8 28. Qxb3 Rxb3 29. Na4 Nxa6 30. Rxc7 Nxc7 31. Bxf6 Bxf6 32. Rxd6 Rxa3 33. Nb6 Ra6 34. Nc4 Rxd6 35. Nxd6 Be7 36. Ne4 Nd5 37. Kg2 Nf6 38. Ned2 Nd5 39. e3 g6 40. Kf1 Kg7 41. Ke2 h5 42. h4 Bf6 43. Kd3 Nb4+ 44. Kc4 Nc6 45. Ne1 Ne5+ 46. Kb3 Ng4 47. Nd3 Ne5 48. Ne1 Ng4 49. Ne4 Be7 50. Nd3 Nh6 51. Kc2 Nf5 52. Kd1 Nd6 53. Nd2 Nf5 54. Ke2 Nd6 55. f3 Nf5 56. Kf2 Bd6 57. Ne4 Be7 58. Nf4 Bd8 59. Ng2 Bb6 60. Nc3 Bc7 61. Ne2 Bb6 62. f4 Nh6 63. Kf3 Ng4 64. Nc3 Nh2+ 65. Ke2 Ng4 66. Nd1 Nf6 67. Kf3 Ng4 68. e4 Nh2+ 69. Ke2 Ng4 70. e5 Nh6 71. Ne1 Nf5 72. Kf3 Nd4+ 73. Kg2 Ne2 74. Nd3 Nd4 75. Nc3 Nf5 76. Ne4 Ne3+ 77. Kf3 Nf5 78. Nf6 Nd4+ 79. Kg2 Nf5 80. Ne8+ Kf8 81. Nf6 Kg7 82. Nb4 Ne3+ 83. Kf3 Nf5 84. Nc6 Nd4+ 85. Nxd4 Bxd4 86. Ne4 Bb6 87. Ke2 Bd8 88. Kd3 Be7 89. Kc4 Ba3 90. Nd2 Bc1 91. Kd3 Bxd2 92. Kxd2 Kf8 93. Kc3 Ke7 94. Kc4 Kd7 95. Kb5 Kc7 96. Kc5 Kd7 97. Kb6 Ke8 98. Kc6 Ke7 99. Kc7 Ke8 100. Kd6 Kd8 101. Kc6 Ke7 102. Kb6 Kd7 103. Kb7 Kd8 104. Kc6 Ke7 1/2-1/2


[Site "https://www.chess.com"]

[Event "Titled Tuesday Blitz December 13 Early 2022"]
[White "Manelyuk, Daniil"]
[Black "Donchenko, Alexander"]
[WhiteFideId "44173920"]
[BlackFideId "24603295"]
[WhiteElo "2594"]
[BlackElo "2799"]
[Result "1/2-1/2"]
[Round "05"]
[TimeControl "180+1"]
[Date "2022.12.14"]
[WhiteClock "0:00:05"]
[BlackClock "0:00:06"]

1. e4 c6 2. d4 d5 3. e5 Bf5 4. h4 h5 5. Bd3 Bxd3 6. Qxd3 Qa5+ 7. Nd2 e6 8. Ne2 Nh6 9. O-O Nf5 10. c4 Nxh4 11. a3 Nf5 12. b4 Qd8 13. c5 Nd7 14. b5 h4 15. Rb1 h3 16. g3 g6 17. Nf3 Bh6 18. Bxh6 Rxh6 19. bxc6 bxc6 20. Qa6 Qc8 21. Rb7 Nb8 22. Rxb8 Rxb8 23. Qxa7 Ra8 24. Qb6 Rxa3 25. Ng5 Ra6 26. Qb4 Ra2 27. Re1 Qd8 28. Nf3 Kf8 29. Qb3 Qa5 30. Qb7 Rh5 31. Nf4 h2+ 32. Kh1 Rxf2 33. Nxh5 Nxg3+ 34. Nxg3 Rxf3 35. Rf1 Rxf1+ 36. Nxf1 Qa1 37. Kxh2 Qxf1 38. Qxc6 Qf2+ 39. Kh1 Qh4+ 40. Kg2 Qg4+ 41. Kh1 Qxd4 42. Qd6+ Kg7 43. c6 Qd1+ 44. Kh2 Qc2+ 45. Kh1 d4 46. c7 d3 47. Qd8 Qd1+ 48. Kg2 Qe2+ 49. Kh3 Qe3+ 50. Kg2 Qe4+ 51. Kh3 Qf3+ 52. Kh2 Qe2+ 53. Kh3 Qf1+ 54. Kh2 Qf2+ 55. Kh3 Qe3+ 56. Kg2 Qe4+ 57. Kh3 Qf5+ 58. Kg2 Qg4+ 59. Kh2 Qf4+ 60. Kh3 Qe3+ 1/2-1/2


[Site "https://www.chess.com"]

[Event "Titled Tuesday Blitz December 13 Early 2022"]
[White "Manukyan, Sargis A."]
[Black "Klepikov, Nikita"]
[WhiteFideId "13303970"]
[BlackFideId "24145220"]
[WhiteElo "2187"]
[BlackElo "2025"]
[Result "1-0"]
[Round "05"]
[TimeControl "180+1"]
[Date "2022.12.14"]
[WhiteClock "0:00:16"]
[BlackClock "0:00:03"]

1. Nf3 Nf6 2. b3 d6 3. Bb2 e5 4. g3 b6 5. Bg2 Bb7 6. O-O g6 7. d3 Bg7 8. Nbd2 O-O 9. e4 a5 10. a3 Nfd7 11. Nh4 Bf6 12. Ndf3 Nc5 13. Kh1 Bg7 14. Nd2 f5 15. exf5 gxf5 16. Bxb7 Nxb7 17. Qh5 f4 18. Ne4 Nd7 19. Rg1 Nf6 20. Qf3 Nxe4 21. dxe4 Kh8 22. Nf5 Bf6 23. gxf4 exf4 24. Rg7 Nc5 25. Rxh7+ Kxh7 26. Qh5+ Kg8 27. Rg1+ Bg5 28. Qg6# 1-0


[Site "https://www.chess.com"]

[Event "Titled Tuesday Blitz December 13 Early 2022"]
[White "Martinez Ramirez, Lennis"]
[Black "Abdrlauf, Elham"]
[WhiteFideId "3509079"]
[BlackFideId "1533533"]
[WhiteElo "2618"]
[BlackElo "2809"]
[Result "0-1"]
[Round "05"]
[TimeControl "180+1"]
[Date "2022.12.14"]
[WhiteClock "0:00:06"]
[BlackClock "0:00:11"]

1. c4 e6 2. Nc3 d5 3. d4 Nf6 4. Nf3 c6 5. Bg5 Nbd7 6. e3 h6 7. Bh4 Be7 8. Qc2 O-O 9. Rd1 b6 10. a3 Bb7 11. h3 Rc8 12. Qb1 c5 13. cxd5 Nxd5 14. Bxe7 Qxe7 15. Nxd5 Bxd5 16. Be2 cxd4 17. Rxd4 Nf6 18. O-O e5 19. Rd2 Be4 20. Qa2 Rfd8 21. Rfd1 Rxd2 22. Nxd2 Bd5 23. Bc4 Bxc4 24. Nxc4 Qe6 25. b3 Ne4 26. Qb2 b5 27. Na5 Qf5 28. b4 Ng3 29. Rd2 Ne4 30. Rc2 Rd8 31. Nc6 Re8 32. f3 Nd6 33. Rc5 Nc4 34. Qc1 a6 35. a4 Qd3 36. axb5 axb5 37. Rxb5 Nxe3 38. Rxe5 Rxe5 39. Nxe5 Qe2 40. Qc8+ Kh7 41. Qg4 Nxg4 42. Nxg4 Qe1+ 43. Kh2 f5 44. b5 fxg4 45. hxg4 Qe5+ 46. Kh3 Qxb5 47. f4 g5 48. f5 Qd3+ 49. g3 Qe2 50. f6 Qf2 51. f7 Qg1 52. f8=N+ Kg8 0-1


[Site "https://www.chess.com"]

[Event "Titled Tuesday Blitz December 13 Early 2022"]
[White "Matveeva, Olga"]
[Black "Shuvalov, Evgenij"]
[WhiteFideId "24107018"]
[BlackFideId "4187237"]
[WhiteElo "2056"]
[BlackElo "2049"]
[Result "0-1"]
[Round "05"]
[TimeControl "180+1"]
[Date "2022.12.14"]
[WhiteClock "0:00:15"]
[BlackClock "0:00:20"]

1. d4 Nf6 2. c4 g6 3. Nf3 Bg7 4. g3 c6 5. Bg2 d5 6. b3 O-O 7. O-O dxc4 8. bxc4 c5 9. Bb2 Qb6 10. Qb3 Nc6 11. Nbd2 Bf5 12. d5 Na5 13. Qxb6 axb6 14. Nh4 Bg4 15. e4 Nxe4 16. Bxg7 Nxd2 17. Bxf8 Nxf1 18. Bh6 f6 19. Bxf1 g5 20. Ng2 Kf7 21. Bd3 Bh5 22. h4 Bg6 23. Be2 Nb3 24. Rb1 Bxb1 25. axb3 Kg6 26. hxg5 fxg5 27. Bxg5 Kxg5 28. Nf4 Bc2 29. Ne6+ Kf6 30. g4 h6 31. f4 Bxb3 32. g5+ hxg5 33. fxg5+ Ke5 34. g6 b5 35. g7 Rg8 36. Bd3 Kf6 37. Bh7 Rxg7+ 38. Nxg7 Kxg7 39. Be4 Bxc4 40. Kf2 Kf6 41. Ke3 Ke5 42. d6 exd6 43. Bxb7 d5 44. Kd2 d4 45. Kc2 Bd5 46. Ba6 Bc6 47. Bc8 Be4+ 48. Kd2 c4 49. Ba6 Bc6 50. Bc8 b4 51. Ba6 Bd5 52. Bb5 b3 53. Kc1 c3 54. Bd3 Be4 55. Bc4 b2+ 0-1


[Site "https://www.chess.com"]

[Event "Titled Tuesday Blitz December 13 Early 2022"]
[White "Mazurkiewicz, Michal"]
[Black "Ibarra Jerez, Jose Carlos"]
[WhiteFideId "1124943"]
[BlackFideId "2226332"]
[WhiteElo "2081"]
[BlackElo "2638"]
[Result "0-1"]
[Round "05"]
[TimeControl "180+1"]
[Date "2022.12.14"]
[WhiteClock "0:00:01"]
[BlackClock "0:01:29"]

1. e4 c5 2. Nf3 e6 3. d3 d5 4. Nbd2 Nc6 5. g3 g6 6. Bg2 Bg7 7. O-O Nf6 8. Re1 O-O 9. Qe2 a5 10. h4 a4 11. a3 Re8 12. Nf1 e5 13. Bg5 Be6 14. Ne3 dxe4 15. dxe4 h6 16. Bxf6 Bxf6 17. c3 Bg7 18. Rad1 Qa5 19. Nd5 Rac8 20. Nd2 b5 21. Nf1 b4 22. Nfe3 bxc3 23. bxc3 Rb8 24. Nc4 Qa6 25. Nc7 Qxc4 26. Nxe8 Rxe8 27. Qxc4 Bxc4 28. Rd6 Rc8 29. Bh3 Rc7 30. h5 Bf8 31. Rd2 gxh5 32. Red1 Bb3 33. Rd7 Rxd7 34. Rxd7 c4 35. f4 Bxa3 36. Rc7 Bb2 37. Rxc6 a3 38. fxe5 a2 39. e6 a1=Q+ 40. Kg2 fxe6 41. Bxe6+ Kf8 42. Rc7 Bxc3 0-1


[Site "https://www.chess.com"]

[Event "Titled Tuesday Blitz December 13 Early 2022"]
[White "Mihailidis, Anastasios"]
[Black "Bongo Akanga Ndjila, Barthelemy"]
[WhiteFideId "4205588"]
[BlackFideId "10609431"]
[WhiteElo "2312"]
[BlackElo "1768"]
[Result "0-1"]
[Round "05"]
[TimeControl "180+1"]
[Date "2022.12.14"]
[WhiteClock "0:00:02"]
[BlackClock "0:00:52"]

1. e4 c6 2. d4 d5 3. exd5 cxd5 4. Bd3 Nc6 5. c3 Nf6 6. Bf4 Bg4 7. Qb3 Qc8 8. Nd2 e6 9. Ngf3 Be7 10. O-O O-O 11. Rfe1 a6 12. h3 Bh5 13. Ne5 Na5 14. Qa4 b6 15. Qc2 Bg6 16. Bxg6 hxg6 17. Qd3 b5 18. Rac1 Nc6 19. b3 Ba3 20. Rc2 b4 21. Nxc6 Qxc6 22. c4 dxc4 23. Nxc4 Qb5 24. Qd2 Nd5 25. Nxa3 bxa3 26. Bd6 Rfc8 27. Rec1 Qb7 28. Bxa3 Rxc2 29. Qxc2 Nf4 30. Qc6 Qb8 31. Rc2 Nd5 32. Bd6 Qd8 33. Bc5 Rc8 34. Qa4 Nf4 35. Qc4 Qg5 36. g3 Nxh3+ 37. Kh2 Qh6 38. Kg2 Ng5 39. Qd3 Qh3+ 40. Kg1 Rd8 41. Be7 Rd5 42. f4 Nh7 43. Rc8+ Nf8 44. Rxf8+ Kh7 45. Qe3 Rh5 46. Kf2 Qh1 47. Ke2 Rh2+ 48. Kd3 Qb1+ 49. Kc4 Qxa2 50. Bb4 Rc2+ 51. Bc3 Qa5 52. Rb8 Qc7+ 53. Kb4 Rxc3 54. Ka3 Rxe3 0-1


[Site "https://www.chess.com"]

[Event "Titled Tuesday Blitz December 13 Early 2022"]
[White "Mihajlov, Sebastian"]
[Black "Babazada, Khazar"]
[WhiteFideId "1512110"]
[BlackFideId "13413554"]
[WhiteElo "2595"]
[BlackElo "2805"]
[Result "0-1"]
[Round "05"]
[TimeControl "180+1"]
[Date "2022.12.14"]
[WhiteClock "0:00:02"]
[BlackClock "0:00:03"]

1. e4 e5 2. Nf3 d6 3. d4 Nd7 4. Bc4 exd4 5. Qxd4 Ngf6 6. Nc3 Be7 7. Bg5 O-O 8. O-O-O c6 9. Bb3 Qa5 10. Rhe1 Ne5 11. Bd2 Qc7 12. Bf4 Nfd7 13. Qd2 a5 14. Nd4 Nc5 15. a3 b5 16. Nf5 Bxf5 17. exf5 Ned3+ 18. Kb1 Nxe1 19. Rxe1 b4 20. Na4 Nxb3 21. cxb3 bxa3 22. bxa3 Rab8 23. Ka2 Qb7 24. Re3 Rfd8 25. g4 Bf6 26. g5 Be5 27. Bg3 Bxg3 28. Rxg3 Qb5 29. g6 hxg6 30. fxg6 f6 31. Re3 Re8 32. Rxe8+ Rxe8 33. Qxd6 Qe2+ 34. Nb2 Qe4 35. Qg3 Rd8 36. h4 Qe6 37. h5 a4 38. Nxa4 c5 39. Qc7 Rc8 40. Qb7 c4 41. Nb2 c3 42. Nc4 Qe2+ 43. Kb1 Qd1+ 44. Ka2 Qc2+ 45. Ka1 Rd8 46. Qf7+ Kh8 0-1


[Site "https://www.chess.com"]

[Event "Titled Tuesday Blitz December 13 Early 2022"]
[White "Miszler, Levente"]
[Black "Roque Sola, Jose Luis"]
[WhiteFideId "763276"]
[BlackFideId "5120390"]
[WhiteElo "2176"]
[BlackElo "2117"]
[Result "1-0"]
[Round "05"]
[TimeControl "180+1"]
[Date "2022.12.14"]
[WhiteClock "0:01:46"]
[BlackClock "0:00:02"]

1. Nf3 Nf6 2. c4 g6 3. g3 Bg7 4. Bg2 O-O 5. O-O c5 6. Nc3 Nc6 7. d3 a6 8. a3 Rb8 9. Rb1 b5 10. cxb5 axb5 11. b4 cxb4 12. axb4 d5 13. Bf4 Rb6 14. Qd2 d4 15. Ne4 Nxe4 16. dxe4 e5 17. Bg5 Qd6 18. Rfc1 Bb7 19. Ne1 Ra8 20. Nd3 Rba6 21. Nc5 R6a7 22. e3 Bc8 23. exd4 Nxd4 24. Be3 Ra2 25. Rb2 Rxb2 26. Qxb2 Be6 27. Rd1 Bc4 28. Bxd4 exd4 29. e5 Qb8 30. Bxa8 Qxa8 31. Qxd4 Qf3 32. Ne4 Bxe5 33. Qd8+ Kg7 34. Ng5 Bf6 35. Nxf3 Bxd8 36. Ne5 Bf6 37. Nxc4 bxc4 38. Rc1 c3 39. b5 Bd4 40. b6 Bxb6 41. Rxc3 Bd4 42. Rc4 Bf6 43. Kg2 Be5 44. f4 Bb2 45. Kf3 Bf6 46. h3 Bb2 47. g4 Ba1 48. Ke4 Bb2 49. Rc7 Ba1 50. f5 Bb2 51. g5 gxf5+ 52. Kxf5 Ba1 53. h4 Bb2 54. h5 Ba1 55. h6+ Kf8 56. Rb7 Bb2 57. Rb8+ 1-0


[Site "https://www.chess.com"]

[Event "Titled Tuesday Blitz December 13 Early 2022"]
[White "Mitrovic, Darko R"]
[Black "Kuchava, Ana"]
[WhiteFideId "927023"]
[BlackFideId "13605348"]
[WhiteElo "2150"]
[BlackElo "2001"]
[Result "0-1"]
[Round "05"]
[TimeControl "180+1"]
[Date "2022.12.14"]
[WhiteClock "0:01:29"]
[BlackClock "0:01:32"]

1. d4 d5 2. Nf3 Nf6 3. g3 Bf5 4. Bg2 e6 5. O-O h6 6. h3 Bd6 7. b3 O-O 8. Bb2 c5 9. c3 Nc6 10. Nbd2 cxd4 11. cxd4 Rc8 12. Rc1 Qa5 13. a3 Ne4 14. b4 Qb6 15. e3 a5 16. Nxe4 Bxe4 17. Nd2 Bxg2 18. h4 Bxf1 19. Nc4 Bxc4 20. Kh2 axb4 21. a4 b3 22. Kh1 Nb4 23. Kg1 Nd3 24. Kh1 Nxb2 25. Kh2 Nxd1 26. Rxd1 b2 27. Rb1 Bd3 28. Kg2 Bxb1 29. Kh1 Be4+ 30. f3 b1=Q+ 31. Kh2 Q6b2+ 32. Kh3 Qh1+ 33. Kg4 Qxf3+ 34. Kh3 Qbg2# 0-1


[Site "https://www.chess.com"]

[Event "Titled Tuesday Blitz December 13 Early 2022"]
[White "Morefield, Jason"]
[Black "So, Wesley"]
[WhiteFideId "30920825"]
[BlackFideId "5202213"]
[WhiteElo "2171"]
[BlackElo "2763"]
[Result "0-1"]
[Round "05"]
[TimeControl "180+1"]
[Date "2022.12.13"]
[WhiteClock "0:00:02"]
[BlackClock "0:01:00"]

1. d4 Nf6 2. c4 e6 3. Nf3 d5 4. Nc3 Be7 5. Bf4 O-O 6. e3 Nbd7 7. c5 c6 8. Bd3 b6 9. b4 a5 10. a3 Ba6 11. Bxa6 Rxa6 12. O-O Qa8 13. Rb1 axb4 14. axb4 Qb7 15. b5 cxb5 16. Rxb5 Qc6 17. Qe2 bxc5 18. dxc5 Bxc5 19. Rc1 Rfa8 20. Rbb1 Rb6 21. Rxb6 Qxb6 22. h3 Bd6 23. Bxd6 Qxd6 24. Nb5 Qf8 25. Nbd4 Rc8 26. Rxc8 Qxc8 27. Qb2 h6 28. Ne2 Ne4 29. Nf4 g5 30. Ne2 f6 31. Nfd4 Kf7 32. f3 Nd6 33. Qb1 Nf8 34. Qb4 Nc4 35. e4 dxe4 36. fxe4 Ne5 37. Nb5 Qd7 38. Nd6+ Kg6 39. Nc3 Kg7 40. Qc5 Qc6 41. Qd4 h5 42. Ndb5 h4 43. Qa7+ Qd7 44. Qe3 Nfg6 45. Nd4 Nf4 46. Nce2 Kf7 47. Nc3 Qa7 48. Kh1 g4 49. Qxf4 Qa1+ 0-1


[Site "https://www.chess.com"]

[Event "Titled Tuesday Blitz December 13 Early 2022"]
[White "Moroni, Luca Jr"]
[Black "Lamaze, Simon"]
[WhiteFideId "865834"]
[BlackFideId "36069264"]
[WhiteElo "2573"]
[BlackElo "2272"]
[Result "0-1"]
[Round "05"]
[TimeControl "180+1"]
[Date "2022.12.13"]
[WhiteClock "0:00:04"]
[BlackClock "0:00:11"]

1. d4 Nf6 2. Bf4 g6 3. Nc3 d5 4. Nb5 Na6 5. e3 Bg7 6. h3 O-O 7. Nf3 Ne4 8. c3 c6 9. Na3 Nc7 10. Nb1 Ne8 11. Nbd2 N8d6 12. Be5 Nxd2 13. Qxd2 f6 14. Bxd6 Qxd6 15. c4 e6 16. Be2 Bd7 17. O-O a5 18. c5 Qc7 19. b4 axb4 20. Qxb4 Ra7 21. Rfb1 Rfa8 22. a4 Bc8 23. Nd2 e5 24. Nb3 f5 25. a5 f4 26. exf4 exd4 27. Qd2 Bf5 28. Bd3 Bxd3 29. Qxd3 Qxf4 30. Re1 Rf8 31. Re2 Raa8 32. Rae1 Rf7 33. g3 Qf3 34. Re8+ Rxe8 35. Rxe8+ Bf8 36. Qxf3 Rxf3 37. Nxd4 Ra3 38. Rb8 Kf7 39. Rxb7+ Kf6 40. Nb3 d4 41. Rb6 Ke5 42. a6 Kd5 43. Rb7 Bxc5 44. Rd7+ Kc4 45. Nd2+ Kd3 46. Nf3 Rxa6 47. Rxh7 Bb4 48. Rd7 c5 49. h4 Ke2 50. Kg2 Re6 51. Ng1+ Kd2 52. Nf3+ Kc3 53. g4 d3 54. Ng5 Ra6 55. Ne4+ Kc2 56. f4 d2 57. Nf2 c4 58. Kf3 c3 59. Nd3 Ba3 60. Nf2 Rd6 61. Rxd6 Bxd6 62. h5 d1=Q+ 63. Nxd1 Kxd1 64. h6 Bf8 65. g5 c2 66. f5 c1=Q 67. fxg6 Qxg5 68. h7 Bg7 0-1


[Site "https://www.chess.com"]

[Event "Titled Tuesday Blitz December 13 Early 2022"]
[White "Moskalenko, Alexander"]
[Black "Taboas Rodriguez, Daniel"]
[WhiteFideId "4155351"]
[BlackFideId "2208466"]
[WhiteElo "2781"]
[BlackElo "2586"]
[Result "1/2-1/2"]
[Round "05"]
[TimeControl "180+1"]
[Date "2022.12.14"]
[WhiteClock "0:00:05"]
[BlackClock "0:00:04"]

1. d4 Nf6 2. Bf4 d5 3. e3 c6 4. c4 e6 5. Nc3 Nbd7 6. g4 dxc4 7. Bxc4 Nb6 8. Be2 Nfd5 9. Bg3 Bb4 10. Rc1 O-O 11. e4 Nf6 12. Qd3 c5 13. a3 cxd4 14. axb4 dxc3 15. bxc3 Qxd3 16. Bxd3 Nxg4 17. Ne2 Nd7 18. Bd6 Rd8 19. Bc7 Rf8 20. f4 b6 21. Rg1 Nxh2 22. Rg2 Nf3+ 23. Kf2 Nh4 24. Rh2 Ng6 25. f5 Nge5 26. Bb1 Ng4+ 27. Kg3 Nxh2 28. Kxh2 exf5 29. Rg1 Ba6 30. Nf4 Rac8 31. Nd5 Rfe8 32. exf5 Bb7 33. f6 Re2+ 34. Kh3 Bxd5 35. Rxg7+ Kf8 36. Bd6+ Ke8 37. Rg8+ Nf8 38. Rxf8+ Kd7 39. Rxc8 Kxc8 40. Bxh7 Kd7 41. Be7 Re3+ 42. Kh4 Rxc3 43. Kg5 Be6 44. Kf4 Rc4+ 45. Ke5 Rc1 46. Bd3 Rd1 47. Bb5+ Kc7 48. Ba6 Re1+ 49. Kd4 Rc1 50. Bb5 Kb7 51. Bd3 a5 52. Be4+ Kc7 53. bxa5 bxa5 54. Ba3 Ra1 55. Be7 a4 56. Kc5 a3 57. Bd6+ Kc8 58. Kb6 Rd1 59. Bxa3 Rd4 60. Bb7+ Kd7 61. Bc6+ Kc8 62. Be7 Rd1 63. Bb7+ Kd7 64. Bc6+ Kc8 65. Bb7+ Kb8 66. Bc6 Rb1+ 67. Kc5 Kc7 68. Bb5 Rc1+ 69. Kd4 Kb6 70. Be2 Re1 71. Bd3 Rd1 72. Ke3 Kc7 73. Be2 Rc1 74. Kd2 Rc5 75. Ke3 Re5+ 76. Kd2 Rd5+ 77. Kc3 Kd7 78. Bc4 Rd1 79. Bb5+ Kc7 80. Ba4 Rc1+ 81. Kd2 Ra1 82. Bb5 Kb6 83. Bd3 Kc6 84. Be4+ Kb5 85. Bh7 Kc4 86. Bd8 Kd5 87. Bd3 Ra3 88. Be7 Ra2+ 89. Kc3 Ke5 90. Bc2 Ra1 91. Kb2 Rh1 92. Kc3 Rh3+ 93. Kb4 Rh4+ 94. Kc3 Rh3+ 95. Kd2 Bf5 96. Ba4 Kf4 97. Be8 Bg6 98. Bd7 Rh2+ 99. Kc3 Ra2 100. Kb4 Ra7 101. Bc6 Kg5 102. Kc5 Rc7 103. Kd6 Rc8 104. Bd7 Rh8 105. Bc6 Rh2 106. Kd7 Rd2+ 107. Ke8 Rc2 108. Bd7 Re2 109. Kf8 1/2-1/2


[Site "https://www.chess.com"]

[Event "Titled Tuesday Blitz December 13 Early 2022"]
[White "Moskvin, Anatoly"]
[Black "Williams, Simon K"]
[WhiteFideId "24199990"]
[BlackFideId "404454"]
[WhiteElo "2104"]
[BlackElo "2468"]
[Result "1/2-1/2"]
[Round "05"]
[TimeControl "180+1"]
[Date "2022.12.14"]
[WhiteClock "0:00:09"]
[BlackClock "0:00:13"]

1. e4 d6 2. d4 Nf6 3. Nc3 Nbd7 4. g3 e5 5. Bg2 Be7 6. Nge2 O-O 7. O-O c6 8. a4 Re8 9. h3 Bf8 10. a5 Rb8 11. Be3 b5 12. dxe5 dxe5 13. Bxa7 Ra8 14. Bb6 Nxb6 15. Qxd8 Rxd8 16. axb6 Rb8 17. Rfd1 Be7 18. Ra7 Rxd1+ 19. Nxd1 Bc5 20. Nc1 Bxb6 21. Ra1 Be6 22. Nd3 Nd7 23. b4 f6 24. Ra6 Kf7 25. Ne3 g6 26. h4 Ke7 27. Kh2 Kd6 28. Bh3 Bxh3 29. Kxh3 Kc7 30. h5 Kb7 31. Ra1 Ra8 32. Rxa8 Kxa8 33. hxg6 hxg6 34. Ng4 Kb7 35. f4 exf4 36. Nxf4 Kc7 37. Nxg6 Kd6 38. Nf4 Ke7 39. Kh4 Bd4 40. Kh5 Bc3 41. Nd3 Kf7 42. Kh6 Bd2+ 43. Kh7 Nf8+ 44. Kh8 Bc3 45. Nh6+ Kg6 46. Nf5 Kf7 47. Nh6+ Ke6 48. Kg8 Nd7 49. Nf7 Ke7 50. g4 Nb6 51. g5 fxg5 52. Nxg5 Nc4 53. Nf3 Ke6 54. Nf4+ Ke7 55. Nd3 Nd6 56. e5 Nc4 57. Kg7 Ke6 58. Kg6 Nxe5+ 59. Nfxe5 Bxe5 60. Kg5 Bc3 61. Kf4 Kd5 62. Kf5 Kc4 63. Ke6 Bxb4 64. Kd7 c5 65. Kc6 Ba3 66. Ne5+ Kc3 67. Kxb5 Kxc2 68. Kc4 Kd2 69. Nd7 Ke3 70. Nxc5 1/2-1/2


[Site "https://www.chess.com"]

[Event "Titled Tuesday Blitz December 13 Early 2022"]
[White "Movahed, Sina"]
[Black "Przybylski, Wojciech"]
[WhiteFideId "42520835"]
[BlackFideId "1117599"]
[WhiteElo "2746"]
[BlackElo "2407"]
[Result "0-1"]
[Round "05"]
[TimeControl "180+1"]
[Date "2022.12.14"]
[WhiteClock "0:00:20"]
[BlackClock "0:00:04"]

1. Nf3 Nf6 2. g3 d5 3. Bg2 Bg4 4. O-O c6 5. b3 e6 6. Bb2 Nbd7 7. a4 Bc5 8. a5 O-O 9. a6 b5 10. h3 Bxf3 11. Bxf3 Qc7 12. e3 e5 13. d3 Rfe8 14. Bg2 Nf8 15. Nd2 Ng6 16. Re1 Rad8 17. h4 h6 18. h5 Nf8 19. Qe2 Qc8 20. c3 e4 21. dxe4 dxe4 22. c4 N8h7 23. cxb5 cxb5 24. Rac1 Qf5 25. Rc2 Bb6 26. Bxf6 Nxf6 27. b4 Rd5 28. Rec1 Qxh5 29. Qxh5 Rxh5 30. Rc8 Re5 31. Bf1 Kf8 32. R1c6 Rd5 33. Nb3 Nd7 34. Nc5 Bxc5 35. bxc5 Ke7 36. Bxb5 Rxc8 37. Rxc8 Nxc5 38. Rc7+ Kd6 0-1


[Site "https://www.chess.com"]

[Event "Titled Tuesday Blitz December 13 Early 2022"]
[White "Munkhgal, Gombosuren"]
[Black "Maghsoodloo, Parham"]
[WhiteFideId "4901266"]
[BlackFideId "12539929"]
[WhiteElo "2577"]
[BlackElo "2672"]
[Result "0-1"]
[Round "05"]
[TimeControl "180+1"]
[Date "2022.12.13"]
[WhiteClock "0:00:43"]
[BlackClock "0:01:03"]

1. d4 Nf6 2. Bf4 d5 3. e3 c5 4. Nf3 Nc6 5. c3 Qb6 6. Qb3 c4 7. Qc2 Bf5 8. Qc1 h6 9. Nbd2 e6 10. h3 Be7 11. g4 Bh7 12. Bg2 O-O 13. O-O Qd8 14. Ne5 Nxe5 15. Bxe5 b5 16. Re1 b4 17. e4 a5 18. exd5 exd5 19. Nf1 Ne4 20. f3 Bg5 21. Bf4 bxc3 22. fxe4 cxb2 23. Qxb2 Bxf4 24. exd5 Rc8 25. Qc3 a4 26. Ng3 Bc7 27. Re3 Ba5 28. Qa3 c3 29. Nf5 Bxf5 30. gxf5 Qf6 31. Re5 c2 32. d6 Bd2 33. d7 c1=Q+ 34. Rxc1 Rxc1+ 35. Kf2 Qh4+ 36. Kf3 Rc3+ 37. Qxc3 Bxc3 38. Re8 Ba5 0-1


[Site "https://www.chess.com"]

[Event "Titled Tuesday Blitz December 13 Early 2022"]
[White "Nakamura, Hikaru"]
[Black "Goltsev, Dmitry"]
[WhiteFideId "2016192"]
[BlackFideId "24176710"]
[WhiteElo "2909"]
[BlackElo "2327"]
[Result "1-0"]
[Round "05"]
[TimeControl "180+1"]
[Date "2022.12.13"]
[WhiteClock "0:01:41"]
[BlackClock "0:00:15"]

1. Nf3 d5 2. b3 Nf6 3. Bb2 g6 4. e3 Bg7 5. c4 dxc4 6. Bxc4 O-O 7. O-O Nbd7 8. d4 Nb6 9. Bd3 c6 10. Nbd2 Nbd5 11. a3 Bg4 12. h3 Bd7 13. Ne5 Be6 14. Re1 Nd7 15. Nef3 h6 16. Rc1 Rc8 17. Bf1 c5 18. Ne4 cxd4 19. Nxd4 Rxc1 20. Qxc1 Qc8 21. Qb1 N7f6 22. Rc1 Qb8 23. Nxe6 fxe6 24. Nc5 Qc8 25. Qxg6 b6 26. Ba6 Qc6 27. Bb5 Qc8 28. Bd7 bxc5 29. Bxc8 Rxc8 30. g4 Kh8 31. h4 Rg8 32. g5 Bf8 33. Qf7 hxg5 34. hxg5 Rxg5+ 35. Kf1 Bh6 36. Ke2 Rg7 37. Qxe6 Kh7 38. Rh1 Rg6 39. Bxf6 Nxf6 40. Qxe7+ Kg8 41. Qxc5 1-0


[Site "https://www.chess.com"]

[Event "Titled Tuesday Blitz December 13 Early 2022"]
[White "Namitbir Singh Walia"]
[Black "Artemenko, Oleg"]
[WhiteFideId "35071068"]
[BlackFideId "14201798"]
[WhiteElo "2239"]
[BlackElo "2287"]
[Result "0-1"]
[Round "05"]
[TimeControl "180+1"]
[Date "2022.12.14"]
[WhiteClock "0:01:41"]
[BlackClock "0:02:08"]

1. e4 e6 2. d4 d5 3. Nd2 c5 4. exd5 Qxd5 5. dxc5 Bxc5 6. Ngf3 Nf6 7. Bd3 Nc6 8. Qe2 O-O 9. Ne4 Be7 10. O-O h6 11. Rd1 Qh5 12. Ng3 Qa5 13. c3 e5 14. h3 Be6 15. b3 Rfd8 16. Bb2 Qc7 17. Rac1 Rd7 18. Bb1 Rad8 19. Rxd7 Qxd7 20. Nxe5 Nxe5 21. Qxe5 Qd2 22. c4 Bd6 23. Qe2 Bxg3 0-1


[Site "https://www.chess.com"]